 Dungeon Crawl Stone Soup version 0.31-a0-237-g2d982f9f85 (webtiles) character file.

Game seed: 5071212051443319951

11 qw the Shooter (level 2, 0/16 HPs)
             Began as a Gargoyle Hexslinger on July 11, 2023.
             Slain by a kobold
             ... wielding a +0 mace
              (2 damage)
             ... on level 1 of the Dungeon.
             The game lasted 00:00:07 (138 turns).

qw the Shooter (Gargoyle Hexslinger)                 Turns: 138, Time: 00:00:07

Health: 0/16       AC:  4    Str: 11    XL:     2   Next: 25%
Magic:  3/3        EV: 12    Int: 13    God:
Gold:   9          SH:  0    Dex: 12    Spells: 2/3 levels left

rFire   . . .        a - +1 sling
rCold   . . .        (no shield)
rNeg    + . .        c - +0 robe
rPois   inf          (no helmet)
rElec   +            (no cloak)
rCorr   .            (no gloves)
SInv    .            (no boots)
Will    .....        (no amulet)
Stlth   +            (no ring)
HPRegen 0.22/turn    (no ring)
MPRegen 0.08/turn

%: no passive effects
@: no status effects
A: sickness immunity, AC +2, negative energy resistance 1, electricity
resistance, torment resistance 1, petrification resistance
a: no special abilities


You were on level 1 of the Dungeon.
You visited 1 branch of the dungeon, and saw 1 of its levels.

You collected 9 gold pieces.


Innate Abilities, Weirdness & Mutations

You are immune to sickness and miasma.
Your stone body is resilient. (AC +2)
You are immune to poison.
You resist negative energy. (rN+)
You are resistant to electric shocks. (rElec)
You are resistant to unholy torment.
You are immune to petrification.


   Skills:
 - Level 1.1 Fighting
 + Level 2.9 Ranged Weapons
 - Level 1.5 Dodging
 - Level 1.0 Spellcasting
 - Level 2.6 Hexes


You had 2 spell levels left.
You knew the following spells:

 Your Spells              Type           Power      Damage    Failure   Level
a - Slow                  Hex            28%        N/A       10%         1

Your spell library contained the following spells:

 Spells                   Type           Power      Damage    Failure   Level
 Inner Flame              Hex/Fire       4%         N/A       43%         3
 Portal Projectile        Hex/Tloc       8%         N/A       43%         3
 Cause Fear               Hex            3%         N/A       67%         4

Inventory:

Hand Weapons
 a - a +1 sling (weapon)
Armour
 c - a +0 robe (worn)
 f - a +0 cloak
Scrolls
 b - a scroll of poison
 d - a scroll of identify {unknown}
 e - 2 scrolls of vulnerability {unknown}

Dungeon Overview and Level Annotations

Branches:
Dungeon (1/15)

Altars:


Message History

You shoot a sling bullet.
The sling bullet barely misses the endoplasm.
A kobold comes into view. It is wielding a +0 mace.
You shoot a sling bullet. The sling bullet hits the endoplasm.
The endoplasm is almost dead.
You shoot a sling bullet.
The sling bullet hits the endoplasm but does no damage.
The endoplasm is almost dead.
The hobgoblin misses you. The endoplasm freezes you.
You are frozen.
The hobgoblin barely misses you.
The endoplasm jiggles.
The endoplasm freezes you.
You are frozen.
You shoot a sling bullet. The sling bullet hits the endoplasm.
You kill the endoplasm!
The hobgoblin hits you but does no damage.
The goblin completely misses you.
You shoot a sling bullet. The sling bullet hits the hobgoblin.
The hobgoblin is heavily wounded.
The hobgoblin hits you but does no damage.
The goblin hits you but does no damage.
You shoot a sling bullet.
The sling bullet barely misses the hobgoblin.
The sling bullet barely misses the kobold.
The hobgoblin hits you. The goblin barely misses you. The hobgoblin misses you.
The kobold barely misses you. The goblin barely misses you.
You shoot a sling bullet.
The sling bullet closely misses the hobgoblin.
The hobgoblin misses you. The goblin closely misses you.
The kobold hits you with a +0 mace.
You shoot a sling bullet.
The sling bullet barely misses the hobgoblin.
The hobgoblin hits you but does no damage.
The goblin misses you. The kobold hits you with a +0 mace.
You shoot a sling bullet.
The sling bullet closely misses the hobgoblin.
The hobgoblin misses you. The goblin hits you but does no damage.
The kobold hits you with a +0 mace.
You die...

.........# .........#
##. .# ## .........# #..
.#..( .........# #.#
...... ..(.....####.#
.#...# .............#
#...### .............#
##......#
.............###.K......
.%..............@g..!.##
.............###.g.....#
........#..>.# ##......#
#.......#....# .......
....###...#.## ......#
....# ###...#### ....$..
....# ##.....# .....##
....# ##.##...#...##
.... #.# #.#


You could see a hobgoblin, a goblin and a kobold.

Vanquished Creatures
  2 bats (D:1)
  3 endoplasms (D:1)
  A giant cockroach (D:1)
  A hobgoblin (D:1)
  A ball python (D:1)
  A frilled lizard (D:1)
  A rat (D:1)
10 creatures vanquished.

Notes
Turn   | Place    | Note
-------+----------+-------------------------------------------
     0 | D:1      | qw the Gargoyle Hexslinger began the quest for the Orb.
     0 | D:1      | Reached XP level 1. HP: 12/12 MP: 2/2
     0 | D:1      | 0 ||| qw: Version: 0.3-a-52-g30416fa
     0 | D:1      | 0 ||| qw: Game counter: 5394
     0 | D:1      | 0 ||| qw: Melee chars always use a shield: true
     0 | D:1      | 0 ||| qw: God list: Okawaru
     0 | D:1      | 0 ||| qw: Allow faded altars: false
     0 | D:1      | 0 ||| qw: Do Orc after clearing Dungeon:15 true
     0 | D:1      | 0 ||| qw: Do second Lair branch before Depths: true
     0 | D:1      | 0 ||| qw: Lair rune preference: random
     0 | D:1      | 0 ||| qw: Goals: Normal
     0 | D:1      | 0 ||| PLANNING D:1-11
    87 | D:1      | Reached XP level 2. HP: 16/16 MP: 3/3
   136 | D:1      | HP: 4/16 [kobold/+0 mace (3)]
   138 | D:1      | Slain by a kobold

Levels and vault maps discovered:
D:1:      minmay_arrival_diagonal_passages, layout_rooms, minmay_pentomino_t4

Action                     || total
---------------------------++-------
   Fire: Sling             ||    36
 Armour: Robe              ||     8
  Dodge: Dodged            ||    18

Table legend:
 A = Non-vault XP
 B = Vault XP
 C = Vault XP percentage of total XP
 D = Non-vault monster count
 E = Vault monster count
 F = Vault count percentage of total count
                 A         B        C        D         E       F
            +---------+---------+-------+---------+---------+-------
      Total |      16 |       0 |   0.0 |      10 |       0 |   0.0
            +---------+---------+-------+---------+---------+-------
        D:1 |      16 |       0 |   0.0 |      10 |       0 |   0.0
            +---------+---------+-------+---------+---------+-------
